 Dungeon Crawl Stone Soup version 0.29-a0-322-g68df515428 (webtiles) character file.

Game seed: 17119889227096611722

2559 jisko22 the Fighter (level 9, -6/84 HPs)
             Began as a Hill Orc Wanderer on Apr 6, 2022.
             Was a Follower of Cheibriados.
             Mangled by a yak (7 damage)
             ... on level 8 of the Dungeon on Apr 7, 2022.
             The game lasted 00:22:08 (11737 turns).

jisko22 the Fighter (Hill Orc Wanderer)            Turns: 11737, Time: 00:22:09

Health: -6/84      AC:  7    Str: 21    XL:     9   Next: 56%
Magic:  10/10      EV: 11    Int: 10    God:    Cheibriados [*.....]
Gold:   307        SH:  0    Dex: 12    Spells: 10/10 levels left

rFire   . . .      SeeInvis .   a - +4 rapier of Nagaus {freeze, rN+ Stlth+}
rCold   . . .      Faith    .   (no shield)
rNeg    + . .      Spirit   .   h - +0 ring mail
rPois   +          Reflect  .   o - +0 helmet
rElec   .          Harm     .   (no cloak)
rCorr   .          Rampage  .   (no gloves)
Will    ++...                   (no boots)
Stlth   ++........              l - amulet of the acrobat
HPRegen 0.24/turn               i - ring of willpower
MPRegen 0.12/turn               (no ring)

@: unable to read, very slow
A: clumsy 1, dopey 1, strong-willed 1, poison resistance, inability to read
while threatened
a: Renounce Religion, Bend Time


You were on level 8 of the Dungeon.
You worshipped Cheibriados.
Cheibriados was aware of your devotion.
You visited 2 branches of the dungeon, and saw 9 of its levels.

You collected 307 gold pieces.

Inventory:

Hand Weapons
 a - the +4 rapier of Nagaus (weapon) {freeze, rN+ Stlth+}
   (You found it on level 2 of the Dungeon)

   It freezes those it strikes, dealing additional cold damage.
   It can also slow down cold-blooded creatures.
   rN:        It protects you from negative energy.
   Stlth:     It makes you more stealthy.
 b - a +1 hand axe
 m - a +0 spear
 q - a +3 falchion
 z - a +0 great sword
Missiles
 g - 8 poisoned darts (quivered)
 u - 6 javelins
Armour
 d - a +0 leather armour
 h - a +0 ring mail (worn)
 o - a +0 helmet (worn)
Magical Staves
 e - a staff of conjuration
Jewellery
 i - a ring of willpower (left hand)
 j - an amulet of guardian spirit
 l - an amulet of the acrobat (around neck)
 w - an amulet of regeneration
Wands
 C - a wand of flame (34)
Scrolls
 k - 2 scrolls of teleportation
 n - 5 scrolls of noise
 p - a scroll of identify
 s - 3 scrolls of fog
 y - 2 scrolls of enchant weapon
 A - a scroll of amnesia
Potions
 c - 2 potions of attraction
 f - 2 potions of curing
 r - a potion of flight
 t - 2 potions of lignification
 v - 2 potions of brilliance
 x - 2 potions of heal wounds
 B - a potion of berserk rage
 D - a potion of cancellation


   Skills:
 + Level 9.5 Fighting
 + Level 7.2 Long Blades
 * Level 8.0(8.2) Axes
 - Level 2.1(4.7) Polearms
 + Level 5.8 Armour
 - Level 1.0 Dodging
 - Level 1.0 Spellcasting
 * Level 2.1 Invocations


You had 10 spell levels left.
You didn't know any spells.
Your spell library contained the following spells:

 Spells                   Type           Power      Damage    Failure   Level
 Apportation              Tloc           0%         N/A       47%         1
 Stone Arrow              Conj/Erth      0%         3d7       85%         3
 Animate Armour           Summ/Erth      0%         N/A       99%         4
 Alistair's Intoxication  Tmut/Pois      0%         N/A       100%        5
 Summon Forest            Summ/Tloc      0%         N/A       100%        5
 Summon Mana Viper        Hex/Summ       0%         N/A       100%        5
 Summon Cactus Giant      Summ           0%         N/A       100%        6
 Lehudib's Crystal Spear  Conj/Erth      0%         10d2      100%        8


Dungeon Overview and Level Annotations

Branches:
Dungeon (8/15)             Temple (1/1) D:5
   Lair: D:8-11

Altars:
Ashenzari
Cheibriados
Dithmenos
Elyvilon
Fedhas
Gozag
Hepliaklqana
Kikubaaqudgha
Nemelex Xobeh
Qazlal
Ru
Sif Muna
Uskayaw
Vehumet
Wu Jian
Xom
Yredelemnul
Zin
The Shining One

Annotations:
D:3 3 runed translucent doors, 12572944's ghost, amateur DjGl


Innate Abilities, Weirdness & Mutations

You are clumsy. (Dex -2)
You are dopey. (Int -2)
You are strong-willed. (Will+)
Your system is resistant to poisons. (rPois)
You sometimes lose the ability to read scrolls when taking damage.


Message History

You hit the yak but do no damage.
You hear a bellow!
You hit the yak. You freeze the yak.
The yak is lightly wounded.
The yak closely misses you.
A yak comes into view.
The yak closely misses you. The yak gores you but does no damage.
The yak attacks as you move away! The yak gores you! The yak misses you.
The yak gores you!
You feel threatened and lose the ability to read scrolls!
The yak misses you.
You see here a +0 scale mail.
You barely miss the yak.
The yak is lightly wounded.
The yak bellows!
The yak gores you! The yak barely misses you.
You barely miss the yak.
The yak is lightly wounded.
The yak gores you! x2
* * * LOW HITPOINT WARNING * * *
You hit the yak. You freeze the yak.
The yak is moderately wounded.
The yak closely misses you. The yak barely misses you.
You hit the yak. You freeze the yak.
The yak is heavily wounded.
The yak gores you!
* * * LOW HITPOINT WARNING * * *
The yak barely misses you.
You hit the yak. You freeze the yak.
The yak is heavily wounded.
The yak gores you but does no damage. The yak gores you.
* * * LOW HITPOINT WARNING * * *
You hit the yak. You freeze the yak.
The yak is severely wounded.
The yak gores you but does no damage. The yak gores you.
* * * LOW HITPOINT WARNING * * *
You hit the yak. You freeze the yak.
The yak is severely wounded.
The yak gores you!
You die...

## .## ###.. #...## ..
#....# .. ##....# ..
#.(...# . ##@# ###.. ##
###YY#...... . ###.##
##..YY....... ..
###.#...####...##.......
#. #...?....#.....#
....... #.
.........#..<..##...>...
#.
................#####...
.....#...........# ##.
....###......###..# #


You could see 4 yaks.

Vanquished Creatures
  Duvessa (D:4)
  A water moccasin (D:4)
  2 orc warriors
  2 sky beasts
  2 ice beasts
  A black bear (D:6)
  3 ogres
  A centaur (D:7)
  A kobold brigand (D:7)
  3 bullfrogs
  2 necrophages
  4 scorpions
  Dowan (D:4)
  2 howler monkeys
  A gnoll shaman (D:4)
  2 hounds
  Crazy Yiuf (D:5)
  An orc priest (D:7)
  An iguana (D:4)
  8 orc wizards
  12 gnolls
  2 adders
  A white imp (D:6)
  2 ufetubi
  An adder zombie (D:3)
  A worm (D:2)
  A dart slug (D:1)
  7 orcs
  8 ball pythons
  8 bats
  7 endoplasms
  A giant cockroach (D:2)
  10 hobgoblins
  8 jackals
  5 quokkas
  3 frilled lizards
  7 goblins
  A jackal zombie (D:3)
  8 kobolds
  5 rats
138 creatures vanquished.

Vanquished Creatures (others)
  An endoplasm (D:4)
  A goblin (D:4)
2 creatures vanquished.

Grand Total: 140 creatures vanquished

Notes
Turn   | Place    | Note
-------+----------+-------------------------------------------
     0 | D:1      | jisko22 the Hill Orc Wanderer began the quest for the Orb.
     0 | D:1      | jisko22 set off with the following items: a +3 falchion, a
                  | +0 spear, a potion of attraction, a +0 leather armour
     0 | D:1      | Reached XP level 1. HP: 19/19 MP: 2/2
    55 | D:1      | Reached XP level 2. HP: 8/27 MP: 3/3
   639 | D:1      | Found a faded altar of an unknown god.
   840 | D:1      | Reached skill level 1 in Armour
   993 | D:1      | Reached skill level 4 in Fighting
   994 | D:1      | Reached XP level 3. HP: 30/33 MP: 4/4
  1720 | D:2      | Identified the +4 rapier of Nagaus {freeze, rN+ Stlth+}
  2454 | D:2      | Reached XP level 4. HP: 40/40 MP: 5/5
  2637 | D:3      | Found a runed translucent gate.
  2637 | D:3      | Found a runed translucent gate.
  2637 | D:3      | Found a runed translucent gate.
  2637 | D:3      | Noticed 12572944's ghost (amateur DjGl)
  2639 | D:3      | Found a basalt altar of Yredelemnul.
  3109 | D:3      | Gained mutation: Your spells are a little harder to cast,
                  | but a little more powerful. [potion of mutation]
  3109 | D:3      | Gained mutation: You are strong-willed. (Will+) [potion of
                  | mutation]
  3109 | D:3      | Gained mutation: You are dopey. (Int -2) [potion of
                  | mutation]
  3109 | D:3      | Gained mutation: Your flesh is cold resistant. (rC+)
                  | [potion of mutation]
  3258 | D:3      | Noticed an ice beast
  3266 | D:3      | Killed an ice beast
  3267 | D:3      | Reached skill level 5 in Fighting
  3267 | D:3      | Reached skill level 1 in Axes
  3267 | D:3      | Reached XP level 5. HP: 31/48 MP: 6/6
  3601 | D:4      | Reached skill level 5 in Long Blades
  3641 | D:4      | Reached XP level 6. HP: 42/56 MP: 7/7
  3893 | D:4      | Noticed Duvessa
  3893 | D:4      | Noticed Dowan
  3907 | D:4      | Killed Duvessa
  3910 | D:4      | Killed Dowan
  3911 | D:4      | Reached skill level 6 in Fighting
  4166 | D:4      | Reached XP level 7. HP: 61/63 MP: 8/8
  4276 | D:4      | Lost mutation: Your spells are a little harder to cast, but
                  | a little more powerful. [potion of mutation]
  4276 | D:4      | Lost mutation: You are strong-willed. (Will+) [potion of
                  | mutation]
  4276 | D:4      | Lost mutation: Your flesh is cold resistant. (rC+) [potion
                  | of mutation]
  4276 | D:4      | Gained mutation: You sometimes lose the ability to read
                  | scrolls when taking damage. [potion of mutation]
  4276 | D:4      | Gained mutation: You are clumsy. (Dex -2) [potion of
                  | mutation]
  4276 | D:4      | Gained mutation: You are strong-willed. (Will+) [potion of
                  | mutation]
  4276 | D:4      | Gained mutation: Your system is resistant to poisons.
                  | (rPois) [potion of mutation]
  4309 | D:4      | Found a white marble altar of Elyvilon.
  4468 | D:5      | Entered Level 5 of the Dungeon
  5435 | D:5      | Reached skill level 7 in Fighting
  5740 | D:5      | Reached XP level 8. HP: 64/73 MP: 9/9
  6154 | D:5      | Found a hide-covered altar of Uskayaw.
  6523 | D:5      | Found a runed translucent door.
  6524 | D:5      | Noticed Crazy Yiuf
  6729 | D:5      | Found a staircase to the Ecumenical Temple.
  6869 | Temple   | Entered the Ecumenical Temple
  7157 | Temple   | Became a worshipper of Cheibriados the Contemplative
  7262 | D:5      | Killed Crazy Yiuf
  7621 | D:6      | Reached skill level 5 in Axes
  7668 | D:6      | Reached skill level 8 in Fighting
  8957 | D:6      | Reached skill level 5 in Armour
  9090 | D:6      | Reached XP level 9. HP: 73/82 MP: 10/10
  9434 | D:7      | Reached skill level 9 in Fighting
  9965 | D:7      | Found a faded altar of an unknown god.
  9965 | D:7      | Found a shadowy altar of Dithmenos.
  9974 | D:7      | Found an opulent altar of Gozag.
  9976 | D:7      | Found an ornate altar of the Wu Jian Council.
  9978 | D:7      | Found a faded altar of an unknown god.
 10133 | D:7      | Reached * piety under Cheibriados
 10674 | D:7      | Reached skill level 1 in Invocations
 11127 | D:7      | Found a glowing silver altar of Zin.
 11618 | D:8      | Noticed a cyclops
 11621 | D:8      | Noticed a centaur warrior
 11641 | D:8      | Found an ancient bone altar of Kikubaaqudgha.
 11641 | D:8      | Noticed a hornet
 11736 | D:8      | HP: 1/84 [yak (5)]
 11737 | D:8      | Mangled by a yak

Illustrated notes

Levels and vault maps discovered:
D:1:      matt_arrival_los_fun, layout_rooms, shapermc_ecumenical_altar_pompeii
D:2:      layout_loops_corners, grunt_ministairs_3, minmay_distorted
D:3:      layout_loops_ring, nicolae_yredelemnul_ghost_church
D:4:      layout_basic, elyvilon_altar_4, uniq_duvessa
D:5:      layout_basic, mainiacjoe_overflow_brackets,
          minmay_temple_entry_enclosed_plants,
          minmay_a_box_with_orc_wizards_in_it, uniq_crazy_yiuf_cottage
D:6:      layout_loops_ring
D:7:      layout_basic, chequers_temple_overflow_minitemple,
          mainiacjoe_overflow_paths, minivault_5
D:8:      minmay_cut_squares, layout_cave_pools,
          grunt_temple_overflow_bloody_war,
          mainiacjoe_overflow_concentric_impassable, erik_lair_dragon,
          minivault_4, nicolae_grassy_gnolls
Temple:   minmay_temple_curvy_loop

Skill      XL: |  1  2  3  4  5  6  7  8  9 |
---------------+----------------------------+-----
Armour         | 1 2 3 4 5 |  5.8
Fighting       | 4 5 6 7 8 9 |  9.5
Long Blades    | 4 5 6 7 |  7.2
Axes           | 1 2 4 6 8 |  8.0
Invocations    | 2 |  2.1
Polearms       | |  2.1
Dodging        | |  1.0
Spellcasting   | |  1.0

Action                   |  1- 3 |  4- 6 |  7- 9 || total
-------------------------+-------+-------+-------++-------
Melee: Falchion          |    78 |       |       ||    78
       Rapier            |    36 |    86 |   308 ||   430
       Punch             |       |     1 |     6 ||     7
Throw: Javelin           |       |     2 |     2 ||     4
       Dart              |       |       |     5 ||     5
  Use: Scroll            |       |     8 |     8 ||    16
       Potion            |       |     2 |     6 ||     8
 Stab: Sleeping          |     2 |     1 |       ||     3
Armor: Leather armour    |     9 |       |       ||     9
       Ring mail         |    36 |    16 |    96 ||   148
Dodge: Dodged            |    80 |    41 |   200 ||   321

Table legend: (Time is in decaauts)
 A = Elapsed time spent in this place.
 B = Non-inter-level travel time spent in this place.
 C = Inter-level travel time spent in this place.
 D = Time resting spent in this place.
 E = Time spent auto-exploring this place.
 F = Levels seen in this place.
 G = Mean time per level.
                   A        B        C        D        E       F      G
               +--------+--------+--------+--------+--------+-----+--------+
         Total |  12381 |  11816 |    565 |   4735 |   5622 |   9 | 1375.7 |
       Dungeon |  12055 |  11619 |    436 |   4735 |   5431 |   8 | 1506.9 |
        Temple |    325 |    197 |    128 |      0 |    191 |   1 |  325.0 |
               +--------+--------+--------+--------+--------+-----+--------+

Top non-repeatable levels by time:
     D:7: 2740 daAuts
     D:6: 1902 daAuts
     D:5: 1900 daAuts
     D:4: 1805 daAuts
     D:2: 1317 daAuts
     D:1: 1195 daAuts
     D:3: 1099 daAuts
  Temple: 325 daAuts
     D:8: 94 daAuts
